 Dungeon Crawl Stone Soup version 0.31-a0-988-g08d55dae12 (webtiles) character file.

Game seed: 5131868216761724354

60 GordonOverkill the Sneak (level 4, 0/37 HPs)
             Began as a Merfolk Delver on Nov 4, 2023.
             Killed by divine providence
             ... invoked by an orc priest
              (11 damage)
             ... on level 3 of the Dungeon.
             The game lasted 00:03:22 (762 turns).

GordonOverkill the Sneak (Merfolk Delver)            Turns: 762, Time: 00:03:22

Health: 0/37       AC:  4    Str: 14    XL:     4   Next: 6%
Magic:  4/4        EV: 12    Int:  9    God:
Gold:   50         SH:  0    Dex: 15    Spells: 3/3 levels left

rFire   . . .        a - +0 spear
rCold   . . .        (no shield)
rNeg    . . .        b - +0 leather armour
rPois   .            (no helmet)
rElec   .            (no cloak)
rCorr   .            h - +0 pair of gloves
SInv    .            (no boots)
Will    .....        (no amulet)
Stlth   +++          (no ring)
HPRegen 0.26/turn    (no ring)
MPRegen 0.09/turn

%: no passive effects
@: no status effects
A: (nimble swimmer 2), mertail
a: no special abilities


You were on level 3 of the Dungeon.
You visited 1 branch of the dungeon, and saw 4 of its levels.

You collected 50 gold pieces.

Inventory:

Hand Weapons
 a - a +0 spear (weapon)
Armour
 b - a +0 leather armour (worn)
 h - a +0 pair of gloves (worn)
Wands
 g - a wand of digging (3)
Scrolls
 c - a scroll of fog
 d - a scroll of revelation
 e - a scroll of fear
 i - a scroll of vulnerability {unknown}
 j - a scroll of identify {unknown}
 l - a scroll of poison {unknown}
Potions
 f - a potion of haste
 k - a potion of attraction {unknown}


   Skills:
 - Level 4.0 Fighting
 + Level 4.9 Polearms
 - Level 2.6 Dodging
 - Level 5.4 Stealth


You had 3 spell levels left.
You didn't know any spells.
Your spell library was empty.

Dungeon Overview and Level Annotations

Branches:
Dungeon (6/15)
 Temple: D:4-7

Altars:

Annotations:
D:3 Natasha


Innate Abilities, Weirdness & Mutations

((You are very nimble when in or above water. (Stealth+, EV+, Speed+++)))
Your lower body shifts to a powerful aquatic tail in water.


Message History

The orc is moderately wounded.
You hit the orc.
The orc is almost dead.
An orc priest comes into view. It is wielding a +0 hand axe.
The orc misses you.
You closely miss the orc.
The orc is almost dead.
An orc comes into view.
It is wielding a +2 flail of protection.
The orc priest shouts!
You hit the orc.
You kill the orc!
You reach to attack!
You hit the orc priest.
The orc priest is moderately wounded.
The orc priest invokes the aid of Beogh against you.
Beogh smites you!
You are too injured to fight recklessly!
Reach: a) +0 spear
Press: ? - help, Dir - move target, f/p - orc priest
Aim: an orc priest, wielding a +0 hand axe and wearing a ring of resist corrosion (moderately wounded, about 35% to evade your +0 spear)
You reach to attack!
You barely miss the orc priest.
The orc priest is moderately wounded.
You barely miss the orc priest.
The orc priest is moderately wounded.
The orc priest hits you with a +0 hand axe.
* * * LOW HITPOINT WARNING * * *
You hit the orc priest.
The orc priest is severely wounded.
You hit the orc priest.
The orc priest is severely wounded.
The orc hits you with a +2 flail of protection.
* * * LOW HITPOINT WARNING * * *
The orc priest hits you with a +0 hand axe.
* * * LOW HITPOINT WARNING * * *
You closely miss the orc priest.
The orc priest is severely wounded.
The orc hits you with a +2 flail of protection.
* * * LOW HITPOINT WARNING * * *
The orc priest mumbles some strange prayers to Beogh against you.
Beogh smites you!
You die...

#################### ###
...................#....
...................#...
...................'...
...................#.
...................#
.>.............)@o.#
............†....o.#
).....................
........########........
######### #........ #
#.......# #########
######### #.......#
#.......# ...


You could see an orc priest and an orc.

Vanquished Creatures
  Jessica (D:3)
  An adder (D:3)
  A worm (D:3)
  A dart slug (D:5)
  2 orcs (D:3)
  2 endoplasms
  A giant cockroach (D:3)
  2 goblins (D:3)
  2 jackals (D:3)
  2 quokkas
  A bat (D:3)
  A frilled lizard (D:3)
  2 rats (D:3)
19 creatures vanquished.

Notes
Turn   | Place    | Note
-------+----------+-------------------------------------------
     0 | D:5      | GordonOverkill the Merfolk Delver began the quest for the
                  | Orb.
     0 | D:5      | Reached XP level 1. HP: 18/18 MP: 1/1
     1 | D:6      | Noticed an iguana
   135 | D:3      | Noticed Natasha
   159 | D:3      | Reached XP level 2. HP: 25/25 MP: 2/2
   200 | D:3      | Noticed Jessica
   214 | D:3      | Killed Jessica
   215 | D:3      | Reached XP level 3. HP: 11/30 MP: 3/3
   708 | D:3      | Reached XP level 4. HP: 37/37 MP: 4/4
   762 | D:3      | Killed from afar by an orc priest

Illustrated notes

Levels and vault maps discovered:
D:3:      minmay_spotlight, layout_basic, basic_ecumenical_altar, uniq_natasha,
          uniq_jessica, uniq_terence
D:4:      layout_basic, kennysheep_little_box
D:5:      layout_layer_cave, kennysheep_orc_sif_temple,
          nzn_wu_jian_council_hall, nicolae_uskayaw_en_pointe,
          gup_sewer_entry_bubbles, lemuel_flame_loot_1
D:6:      layout_rooms, mainiacjoe_overflow_small_starburst,
          mainiacjoe_overflow_concentric_impassable, serial_undead,
          serial_undead_a, serial_undead_b, serial_undead_f, serial_undead_d,
          serial_undead_d, serial_undead_c, corner_web_ring,
          kennysheep_generic_room_3, uniq_grinder

Skill      XL: |  1  2 |
---------------+-------+-----
Polearms       | 3 4 |  4.9
Fighting       | 4 |  4.0
Dodging        | |  2.6
Stealth        | |  5.4

Action                     |  1- 3 |  4- 6 || total
---------------------------+-------+-------++-------
  Melee: Spear             |    76 |    18 ||    94
         Punch             |     1 |       ||     1
   Stab: Sleeping          |     5 |     1 ||     6
         Distracted        |     2 |       ||     2
 Armour: Leather armour    |    41 |     7 ||    48
  Dodge: Dodged            |    31 |     3 ||    34

Table legend: (Time is in decaauts)
 A = Elapsed time spent in this place.
 B = Non-inter-level travel time spent in this place.
 C = Inter-level travel time spent in this place.
 D = Time resting spent in this place.
 E = Time spent auto-exploring this place.
 F = Levels seen in this place.
 G = Mean time per level.
                   A        B        C        D        E       F      G
               +--------+--------+--------+--------+--------+-----+--------+
         Total |    758 |    758 |      0 |    330 |     14 |   4 |  189.5 |
       Dungeon |    758 |    758 |      0 |    330 |     14 |   4 |  189.5 |
               +--------+--------+--------+--------+--------+-----+--------+

Top non-repeatable levels by time:
     D:3: 629 daAuts
     D:4: 67 daAuts
     D:5: 59 daAuts
     D:6: 1 daAuts
